 Seeded DCSS version 0.27.1-34-g3ba077fa99 (webtiles) character file.

Game seed: 2015121827939335801 (custom seed)

49 Hubjo the Sneak (level 3, 0/25 HPs)
             Began as a Vampire Enchanter on Feb 5, 2022.
             Succumbed to a scorpion's poison
             ... on level 4 of the Dungeon.
             The game lasted 00:03:43 (1141 turns).

Hubjo the Sneak (Vampire Enchanter)                 Turns: 1141, Time: 00:03:44

Health: 0/25       AC:  2    Str:  7    XL:     3   Next: 51%
Magic:  6/6        EV: 12    Int: 17    God:
Gold:   65         SH:  0    Dex: 15    Spells: 5/6 levels left

rFire    . . .     SeeInvis +   a - +1 dagger
rCold    . . .     Faith    .   (no shield)
rNeg     . . .     Spirit   .   b - +0 robe
rPois    .         Reflect  .   (no helmet)
rElec    .         Harm     .   (no cloak)
rCorr    .         Rampage  .   (no gloves)
Will     .....                  (no boots)
Stlth    +++.......             (no amulet)
HPRegen  0.28/turn              (no ring)
MPRegen  0.10/turn              (no ring)

@: lethally poisoned (0 -> -7), healing quickly
A: alive, fangs 3, see invisible, vampiric 2
a: Exsanguinate


You were on level 4 of the Dungeon.
You visited 1 branch of the dungeon, and saw 4 of its levels.

You collected 65 gold pieces.

Inventory:

Hand Weapons
 a - a +1 dagger (weapon)
Armour
 b - a +0 robe (worn)
Magical Staves
 e - a staff of earth
Jewellery
 c - a ring of fire
Potions
 f - a potion of curing {unknown}
 g - 3 potions of magic


   Skills:
 * Level 0.8 Fighting
 + Level 1.4 Short Blades
 + Level 2.6 Dodging
 * Level 5.3 Stealth
 - Level 2.0 Spellcasting
 + Level 5.2 Hexes


You had 5 spell levels left.
You knew the following spells:

 Your Spells              Type           Power      Damage    Failure   Level
a - Corona                Hex            21%        N/A       2%          1

Your spell library contained the following spells:

 Spells                   Type           Power      Damage    Failure   Level
 Confusing Touch          Hex            19%        N/A       7%          3
 Tukima's Dance           Hex            19%        N/A       7%          3
 Ensorcelled Hibernation  Hex/Ice        20%        N/A       10%         2
 Dazzling Flash           Conj/Hex       20%        N/A       21%         3


Dungeon Overview and Level Annotations

Branches:
Dungeon (4/15)
 Temple: D:4-7

Altars:

Shops:
D:1 (   D:4 =


Innate Abilities, Weirdness & Mutations

Your natural rate of healing is accelerated.
You have razor-sharp teeth.
You have supernaturally acute eyesight. (SInv)
You are afflicted with vampirism and can become a bat while bloodless.


Message History

Sorry, I don't know how to get there.
Sorry, I don't know how to get there.
Sorry, I don't know how to get there.
There is an escape hatch in the ceiling here.
There is an escape hatch in the ceiling here.
There is a stone staircase leading up here.
The orc shouts! x2
An orc priest comes into view. It is wielding a +0 dagger.
A scorpion comes into view.
A scorpion is nearby!
A ball python comes into view.
The scorpion stings you but does no damage.
The ball python hisses angrily.
The ball python bites you. The ball python barely misses you.
The scorpion closely misses you.
You closely miss the ball python. The scorpion stings you.
The ball python closely misses you. The ball python barely misses you.
You closely miss the ball python. The scorpion stings you.
You are poisoned.
The scorpion poisons you! The ball python closely misses you.
The ball python barely misses you.
You hit the ball python.
The ball python is severely wounded.
You feel sick. The scorpion stings you.
You are lethally poisoned!
The scorpion poisons you! The ball python bites you.
The ball python closely misses you.
You hit the ball python.
You kill the ball python!
* * * LOW HITPOINT WARNING * * *
You feel very sick.
The scorpion stings you but does no damage.
* * * LOW HITPOINT WARNING * * *
You feel very sick.
The scorpion stings you but does no damage.
You see here a ball python corpse.
* * * LOW HITPOINT WARNING * * *
You feel sick.
A worm comes into view.
You die...

.# ####. ....
..####... ## .. ....w
..# .. ... #.# .# #.#
#.# .# #@# #.# .# #.#
## #.######.# #s# .#
#........# #.#
.###..#.##### #o#
.##...#...######o#
....#####......#.#
.##...#...####.#.#
.###..#.######.#.##.#


You could see a worm (wandering), a scorpion and 2 orcs.

Vanquished Creatures
  A hound skeleton (D:4)
  2 adders (D:4)
  2 endoplasms
  2 goblins
  A hobgoblin (D:1)
  3 ball pythons
  A frilled lizard (D:1)
  5 kobolds
  A rat (D:2)
18 creatures vanquished.

Notes
Turn   | Place    | Note
-------+----------+-------------------------------------------
     0 | D:1      | Hubjo the Vampire Enchanter began the quest for the Orb.
     0 | D:1      | Reached XP level 1. HP: 13/13 MP: 3/3
    12 | D:1      | Found Qatiwaq's Weapon Shop.
   484 | D:1      | Reached skill level 5 in Hexes
   484 | D:1      | Reached XP level 2. HP: 19/19 MP: 5/5
   827 | D:4      | Reached skill level 5 in Stealth
   906 | D:4      | Gained mutation: You are afflicted with vampirism and can
                  | become a bat while bloodless. [Vampire growth]
   906 | D:4      | Reached XP level 3. HP: 9/25 MP: 6/6
  1086 | D:4      | Found Viax's Jewellery Shop.
  1113 | D:4      | Noticed a scorpion
  1141 | D:4      | Succumbed to a scorpion's poison

Illustrated notes

Levels and vault maps discovered:
D:1:      nicolae_arrival_memento_mori, layout_loops_ring, serial_shops,
          shop_statue
D:2:      kennysheep_the_goblin_king, layout_loops_ring,
          shapermc_ecumenical_altar_starsandcircs, uniq_natasha
D:3:      layout_rooms, okawaru_altar_gauntlet_db, skrybe_limestone_x,
          hangedman_abyss_or_decor_stabs, uniq_jessica
D:4:      layout_loops_ring, serial_shops, shop_statue, kennysheep_nub,
          uniq_robin

Skill      XL: |  1  2 |
---------------+-------+-----
Hexes          | 5 |  5.2
Stealth        | 5 |  5.3
Fighting       | |  0.8
Short Blades   | |  1.4
Dodging        | |  2.6
Spellcasting   | |  2.0

Action                   || total
-------------------------++-------
Melee: Dagger            ||    68
       Bite              ||     6
 Cast: Corona            ||     2
  Use: Scroll            ||     2
       Potion            ||     1
 Stab: Sleeping          ||     3
Armor: Robe              ||     8
Dodge: Dodged            ||    36
